 Dungeon Crawl Stone Soup version 0.31-a0-361-g0f8bd3a31e (webtiles) character file.

Game seed: 11815503301384374870

13948 BritishOli the Fighter (level 11, 0/93 HPs)
             Began as a Demonspawn Fighter on July 27, 2023.
             Was a High Priest of Okawaru.
             Slain by a kobold demonologist
             ... wielding a +0 long sword
              (6 damage)
             ... on level 12 of the Dungeon.
             The game lasted 00:11:57 (12027 turns).

BritishOli the Fighter (Demonspawn Fighter)        Turns: 12027, Time: 00:12:04

Health: 0/93       AC: 32    Str: 21    XL:     11   Next: 82%
Magic:  0/11       EV:  8    Int:  9    God:    Okawaru [*****.]
Gold:   1343       SH:  0    Dex: 10    Spells: 10/10 levels left

rFire   + . .        e - +0 executioner's axe
rCold   + . .        (shield currently unavailable)
rNeg    . . .        M - +8 chain mail "Vaimomn" {Regen+ rCorr Dex-3}
rPois   .            (helmet restricted)
rElec   .            w - +0 cloak
rCorr   +            t - +2 pair of gloves
SInv    .            d - +3 pair of mountain boots {steadfast, rC+}
Will    .....        F - amulet of guardian spirit Stlth
                     B - ring of protection from fire
HPRegen 1.15/turn    q - +4 ring of slaying
MPRegen 0.24/turn

%: guardian spirit
@: slowed, very slow
A: horns 2, molten scales 2, magic regeneration
a: Renounce Religion, Heroism, Finesse, Duel


You were on level 12 of the Dungeon.
You worshipped Okawaru.
Okawaru was extremely pleased with you.
You visited 2 branches of the dungeon, and saw 13 of its levels.
You also visited: Bailey.

You collected 1343 gold pieces.

Inventory:

Hand Weapons
 e - a +0 executioner's axe (weapon)
 C - a +1 battleaxe of flaming
Armour
 d - the +3 pair of mountain boots (worn) {steadfast, rC+}
   (You found it in a bailey)

   Steadfast: It prevents involuntary movement, except for blinking,
   teleportation, or banishment.
   rC:        It protects you from cold.
 o - the +4 ring mail "Velimom" {Harm rC- rN+ Str+2}
   (You found it on level 3 of the Dungeon)

   Str:       It affects your strength (+2).
   rC:        It makes you vulnerable to cold.
   rN:        It protects you from negative energy.
   Harm:      It increases damage dealt and taken.
 t - a +2 pair of gloves (worn)
 w - a +0 cloak (worn)
 M - the +8 chain mail "Vaimomn" (worn) {Regen+ rCorr Dex-3}
   (You found it on level 11 of the Dungeon)

   Dex:       It affects your dexterity (-3).
   Regen:     It increases your rate of health regeneration.
   rCorr:     It protects you from acid and corrosion.
Jewellery
 f - a ring of resist corrosion
 h - an amulet of faith
 q - a +4 ring of slaying (right hand)
 s - a ring of positive energy
 B - a ring of protection from fire (left hand)
 F - an amulet of guardian spirit (around neck)
 H - a ring of see invisible
Wands
 b - a wand of flame (18)
 I - a wand of paralysis (8)
Scrolls
 c - 3 scrolls of revelation {unknown}
 g - 10 scrolls of identify
 i - a scroll of fear {unknown}
 j - 2 scrolls of fog {unknown}
 k - 3 scrolls of teleportation {unknown}
 n - 4 scrolls of vulnerability {unknown}
 p - 3 scrolls of amnesia {unknown}
 r - a scroll of torment {unknown}
 x - a scroll of silence {unknown}
 y - a scroll of noise {unknown}
 z - 3 scrolls of poison {unknown}
 E - a scroll of blinking {unknown}
 G - a scroll of enchant armour {unknown}
 N - a scroll of enchant weapon {unknown}
Potions
 l - a potion of heal wounds
 m - a potion of brilliance {unknown}
 u - 3 potions of lignification {unknown}
 v - 3 potions of degeneration {unknown}
 A - 3 potions of enlightenment {unknown}
 D - 2 potions of ambrosia {unknown}
 J - a potion of attraction {unknown}
 K - a potion of cancellation {unknown}
 L - a potion of curing
Miscellaneous
 a - a phial of floods


   Skills:
 + Level 11.5 Fighting
 + Level 10.3 Axes
 + Level 10.5 Armour
 - Level 3.8 Shields


You had 10 spell levels left.
You didn't know any spells.
Your spell library contained the following spells:

 Spells                   Type           Power      Damage    Failure   Level
 Apportation              Tloc           0%         N/A       90%         1
 Freeze                   Ice            0%         1d3       90%         1
 Necrotise                Necr           0%         1d4       90%         1
 Sandblast                Erth           0%         2d4       90%         1
 Sting                    Tmut/Pois      0%         1d3       90%         1
 Blink                    Tloc           0%         N/A       97%         2
 Ensorcelled Hibernation  Hex/Ice        0%         N/A       97%         2
 Lesser Beckoning         Tloc           0%         N/A       97%         2
 Momentum Strike          Conj/Tloc      0%         3d8       97%         2
 Passwall                 Tmut/Erth      0%         N/A       97%         2
 Poisonous Vapours        Pois/Air       0%         N/A       97%         2
 Frozen Ramparts          Ice            0%         1d1       99%         3
 Hailstorm                Conj/Ice       0%         3d3       99%         3
 Stone Arrow              Conj/Erth      0%         3d7       99%         3
 Anguish                  Hex/Necr       0%         N/A       100%        4
 Manifold Assault         Tloc           0%         N/A       100%        4
 Olgreb's Toxic Radiance  Pois           0%         N/A       100%        4
 Dispersal                Tloc           0%         N/A       100%        6
 Disjunction              Tloc           0%         N/A       100%        8
 Lehudib's Crystal Spear  Conj/Erth      0%         10d2      100%        8
 Summon Small Mammal      Summ           Unusable   N/A       N/A         1
 Animate Armour           Summ/Erth      Unusable   N/A       N/A         4
 Summon Ice Beast         Ice/Summ       Unusable   N/A       N/A         4
 Summon Mana Viper        Hex/Summ       Unusable   N/A       N/A         5
 Monstrous Menagerie      Summ           Unusable   N/A       N/A         7

Dungeon Overview and Level Annotations

Branches:
Dungeon (12/15)            Temple (1/1) D:7            Lair (0/5) D:9
    Orc (0/2) D:12         Bailey (visited)

Altars:
Ashenzari
Cheibriados
Dithmenos
Fedhas
Gozag
Hepliaklqana
Kikubaaqudgha
Makhleb
Nemelex Xobeh
Okawaru
Qazlal
Ru
Sif Muna
Trog
Uskayaw
Vehumet
Wu Jian
Xom
Yredelemnul


Innate Abilities, Weirdness & Mutations

You have a pair of horns on your head.
You are mostly covered in molten scales. (AC +3)
You regenerate magic rapidly.


Message History

The manticore claws you! The manticore claws you.
* * * LOW HITPOINT WARNING * * *
You slash the manticore! You headbutt the manticore!
The manticore is heavily wounded.
You slice the kobold brigand!!
You kill the kobold brigand!
Okawaru accepts your kill.
You closely miss the kobold brigand.
You feel sick.
You are no longer poisoned.
The manticore bites you but does no damage.
The manticore claws you but does no damage. x2
The kobold brigand barely misses you. x2
The manticore bites you but does no damage.
The manticore claws you.
* * * LOW HITPOINT WARNING * * *
The manticore barely misses you.
The kobold demonologist looks satisfied for a moment.
The manticore bites you but does no damage.
The manticore claws you but does no damage. x2
The kobold brigand closely misses you.
You hit the manticore but do no damage.
The manticore is heavily wounded.
You closely miss the kobold brigand. The manticore bites you!
* * * LOW HITPOINT WARNING * * *
The manticore completely misses you.
The manticore claws you but does no damage.
The kobold brigand hits you but does no damage.
You slash the manticore! You headbutt the manticore.
The manticore is severely wounded.
You hit the kobold brigand.
The manticore bites you but does no damage.
The manticore claws you but does no damage.
The manticore claws you.
The kobold brigand hits you but does no damage. x2
The manticore bites you!
* * * LOW HITPOINT WARNING * * *
The manticore claws you but does no damage. x2
The kobold demonologist barely misses you.
The kobold demonologist hits you with a +0 long sword!
You die...

#..................
###.................
###.........[.>..##
##.............##
#..#..........
###.###....#
#....#....## .
###....#)..#....
#.....#@K......
#...###KH......
#...# #........
##### .........
........[ ..........
.#........
..#...)!...


You could see a manticore, a kobold demonologist and a kobold brigand.

Vanquished Creatures
  2 boulder beetles (D:11)
  A two-headed ogre (D:11)
  A manticore (D:12)
  Joseph (D:10)
  An unseen horror (D:11)
  A kobold demonologist (D:12)
  3 trolls
  A hornet (D:9)
  A shadow (D:12)
  4 wyverns
  A vampire (D:10)
  2 steam dragons
  21 yaks
  Edmund (D:6)
  Menkaure (D:5)
  An acid dragon (D:11)
  3 water moccasins
  3 black bears
  9 orc warriors
  A sky beast (D:7)
  2 ice beasts
  2 ogres (D:7)
  5 centaurs
  A phantom (D:5)
  Blork the orc (D:6)
  3 bullfrogs
  13 kobold brigands
  A gnoll sergeant (D:6)
  4 scorpions
  11 wights
  The ghost of Tutankhamun the Insei, a weakling GnSh (D:3)
  A howler monkey (D:7)
  4 jellies
  4 hounds
  Crazy Yiuf (D:4)
  7 orc priests
  2 gnoll boudas
  An iguana (D:5)
  Jessica (D:2)
  11 orc wizards
  15 gnolls
  7 adders
  2 white imps
  An ufetubus (D:5)
  A dart slug (D:1)
  28 orcs
  6 endoplasms
  3 giant cockroaches
  7 goblins
  6 hobgoblins
  7 jackals
  2 quokkas (D:5)
  3 ball pythons
  8 bats
  A frilled lizard (D:3)
  38 kobolds
  6 rats
276 creatures vanquished.

Notes
Turn   | Place    | Note
-------+----------+-------------------------------------------
     0 | D:1      | BritishOli the Demonspawn Fighter began the quest for the
                  | Orb.
     0 | D:1      | Reached XP level 1. HP: 18/18 MP: 1/1
   182 | D:1      | Gained mutation: You have a pair of small horns on your
                  | head. [demonic ancestry]
   182 | D:1      | Reached XP level 2. HP: 19/24 MP: 2/2
   842 | D:2      | Reached XP level 3. HP: 23/29 MP: 3/3
   951 | D:2      | Noticed Jessica
   957 | D:2      | Killed Jessica
   958 | D:2      | Reached XP level 4. HP: 7/35 MP: 4/4
  1552 | D:3      | Found a runed translucent gate.
  1552 | D:3      | Found a runed translucent gate.
  1552 | D:3      | Found a runed translucent gate.
  1553 | D:3      | Noticed Tutankhamun's ghost (weakling GnSh)
  1553 | D:3      | Noticed a kobold brigand
  1698 | D:3      | Identified the +4 ring mail "Velimom" {Harm rC- rN+ Str+2}
  1766 | D:3      | Reached XP level 5. HP: 39/42 MP: 5/5
  2186 | D:3      | Reached skill level 4 in Fighting
  2407 | D:3      | Killed Tutankhamun's ghost
  2408 | D:3      | Gained mutation: You are partially covered in molten
                  | scales. (AC +2) [demonic ancestry]
  2408 | D:3      | Reached XP level 6. HP: 11/48 MP: 6/6
  3055 | D:4      | Found a runed translucent door.
  3056 | D:4      | Noticed Crazy Yiuf
  3287 | D:4      | Killed Crazy Yiuf
  3344 | D:5      | Entered Level 5 of the Dungeon
  3439 | D:5      | Noticed a water moccasin
  3442 | D:5      | Killed a water moccasin
  3443 | D:5      | Reached XP level 7. HP: 55/55 MP: 7/7
  3450 | D:5      | Reached skill level 5 in Fighting
  3773 | D:5      | Identified the +1 quarterstaff of Lies {spect, Str+2}
  3789 | D:5      | Noticed Menkaure
  3797 | D:5      | Killed Menkaure
  3798 | D:5      | Reached skill level 5 in Armour
  4740 | D:6      | Noticed Blork the orc
  4745 | D:6      | Killed Blork the orc
  4746 | D:6      | Gained mutation: You regenerate magic rapidly. [demonic
                  | ancestry]
  4746 | D:6      | Reached XP level 8. HP: 64/64 MP: 8/8
  4926 | D:6      | Noticed Edmund
  4932 | D:6      | Killed Edmund
  4933 | D:6      | Reached skill level 6 in Fighting
  4933 | D:6      | Reached skill level 5 in Axes
  6066 | D:7      | Found a staircase to the Ecumenical Temple.
  6077 | D:7      | Reached skill level 7 in Fighting
  6078 | D:7      | Gained mutation: You have a pair of horns on your head.
                  | [demonic ancestry]
  6078 | D:7      | Reached XP level 9. HP: 18/72 MP: 9/9
  6087 | Temple   | Entered the Ecumenical Temple
  6384 | D:7      | Found a flagged portal.
  6392 | Bailey   | Entered a bailey
  6483 | Bailey   | Reached skill level 8 in Fighting
  6629 | Bailey   | Found the +3 pair of mountain boots {steadfast, rC+}
  6630 | Bailey   | Found an iron altar of Okawaru.
  6657 | Bailey   | Became a worshipper of Warmaster Okawaru
  6859 | D:7      | Found a bloodstained altar of Trog.
  6874 | D:7      | Reached XP level 10. HP: 40/81 MP: 10/10
  7800 | D:8      | Reached skill level 9 in Fighting
  7891 | D:8      | Reached * piety under Okawaru
  7893 | D:8      | Found a sparkling altar of Nemelex Xobeh.
  7894 | D:8      | Found a broken altar of Ashenzari.
  7895 | D:8      | Found a sacrificial altar of Ru.
  8010 | D:8      | Identified the +1 robe "Ryurph" {rElec rF+ rCorr Dex-3}
  8054 | D:8      | Found a burning altar of Makhleb.
  8415 | D:9      | Found a hazy altar of Hepliaklqana.
  8454 | D:9      | Reached ** piety under Okawaru
  8505 | D:9      | Found a staircase to the Lair.
  8689 | D:9      | Reached *** piety under Okawaru
  8690 | D:9      | Reached skill level 10 in Fighting
  8954 | D:9      | Found an iron altar of Okawaru.
  9009 | D:9      | Found a radiant altar of Vehumet.
  9716 | D:10     | Entered Level 10 of the Dungeon
  9797 | D:10     | Noticed Joseph
  9806 | D:10     | Killed Joseph
  9807 | D:10     | Gained mutation: You are mostly covered in molten scales.
                  | (AC +3) [demonic ancestry]
  9807 | D:10     | Reached XP level 11. HP: 61/91 MP: 7/11
  9903 | D:10     | Found a blossoming altar of Fedhas.
 10884 | D:11     | Identified the +8 chain mail "Vaimomn" {Regen+ rCorr Dex-3}
 11000 | D:11     | Noticed a boulder beetle
 11016 | D:11     | Killed a boulder beetle
 11143 | D:11     | Noticed a two-headed ogre
 11148 | D:11     | Killed a two-headed ogre
 11183 | D:11     | Noticed a boulder beetle
 11217 | D:11     | Killed a boulder beetle
 11288 | D:11     | Reached skill level 11 in Fighting
 11288 | D:11     | Reached skill level 10 in Armour
 11512 | D:11     | Reached **** piety under Okawaru
 11521 | D:11     | Reached skill level 10 in Axes
 11960 | D:12     | Found a staircase to the Orcish Mines.
 11970 | D:12     | Reached ***** piety under Okawaru
 12027 | D:12     | Slain by a kobold demonologist

Illustrated notes

Levels and vault maps discovered:
D:1:      evilmike_arrival_hilbert_curve, layout_basic, nicolae_eternal_life
D:2:      layout_rooms, grunt_decor_mini_mirrors, uniq_jessica
D:3:      layout_basic, gammafunk_ghost_nasty_kobolds
D:4:      layout_loops_ring, minivault_27, minmay_misc_feat_secret_circle,
          uniq_crazy_yiuf_cottage
D:5:      layout_layer_cave, corexii_item_surrounded_by_moat,
          hangedman_abyss_or_decor_passed, uniq_menkaure
D:6:      layout_loops_corners, kennysheep_nondescript, uniq_blork_the_orc,
          uniq_edmund
D:7:      layout_loops_ring, trog_antimagical, minmay_temple_entry_glass,
          serial_rivers, chequers_serial_rivers_micro_c,
          chequers_serial_rivers_micro_b, chequers_serial_rivers_micro_e,
          chequers_serial_rivers_micro_d, enter_bailey_2
D:8:      layout_basic, chequers_temple_overflow_statue_of_worship,
          lemuel_round_altar, minmay_fractal_squares_diagonal_5
D:9:      layout_layer_cave, kennysheep_little_box,
          mainiacjoe_overflow_tiny_flanked, amcnicky_altar_gilded,
          due_lair_maze_entry_diamond, nicolae_elevator_lobby_asterisk
D:10:     layout_basic, fedhas_ov_isle_minmay, uniq_joseph
D:11:     layout_loops_cross
D:12:     layout_cave_pools, orc_0_dummy, portal_ice_cave_entry_ice_simulacra,
          serial_shops, shop, tso_altar
Temple:   nicolae_temple_bog_church

Skill      XL: |  1  2  3  4  5  6  7  8  9 10 11 |
---------------+----------------------------------+-----
Axes           | 2 3 4 6 7 9 10 | 10.3
Armour         | 3 4 5 6 7 9 10 | 10.5
Shields        | 3 |  3.8
Fighting       | 4 5 7 8 10 11 | 11.5

Action                     |  1- 3 |  4- 6 |  7- 9 | 10-12 || total
---------------------------+-------+-------+-------+-------++-------
  Melee: War axe           |    54 |    91 |       |       ||   145
         Headbutt          |     8 |    16 |    27 |    50 ||   101
         Executioner's axe |       |    32 |   149 |   254 ||   435
    Use: Potion            |       |     2 |     2 |       ||     4
         Scroll            |       |       |     1 |       ||     1
 Armour: Scale mail        |    36 |    18 |       |       ||    54
         Ring mail         |       |    55 |   116 |   189 ||   360
         Chain mail        |       |       |       |    89 ||    89
  Dodge: Dodged            |    23 |    66 |   123 |   178 ||   390
  Block: Buckler           |    13 |    34 |       |       ||    47

Table legend: (Time is in decaauts)
 A = Elapsed time spent in this place.
 B = Non-inter-level travel time spent in this place.
 C = Inter-level travel time spent in this place.
 D = Time resting spent in this place.
 E = Time spent auto-exploring this place.
 F = Levels seen in this place.
 G = Mean time per level.
                   A        B        C        D        E       F      G
               +--------+--------+--------+--------+--------+-----+--------+
         Total |  12328 |  11923 |    405 |   1258 |   8867 |  14 |  880.6 |
       Dungeon |  11673 |  11324 |    349 |    992 |   8669 |  12 |  972.8 |
        Temple |    221 |    166 |     55 |      0 |    165 |   1 |  221.0 |
        Bailey |    433 |    433 |      0 |    266 |     32 |   1 |  433.0 |
               +--------+--------+--------+--------+--------+-----+--------+

Top non-repeatable levels by time:
     D:5: 1413 daAuts
     D:6: 1361 daAuts
     D:9: 1336 daAuts
    D:10: 1175 daAuts
     D:7: 1126 daAuts
    D:11: 995 daAuts
     D:4: 963 daAuts
     D:3: 904 daAuts
     D:1: 830 daAuts
     D:2: 717 daAuts
     D:8: 639 daAuts
  Bailey: 433 daAuts
  Temple: 221 daAuts
    D:12: 209 daAuts
